 Dungeon Crawl Stone Soup version 0.28-a0-925-gd5e1996cdb (webtiles) character file.

Game seed: 2076342904956201234

763 horus123 the Ruffian (level 7, 0/67 HPs)
             Began as a Troll Monk on Nov 27, 2021.
             Slain by a bullfrog (2 damage)
             ... in a sewer.
             The game lasted 00:08:09 (2518 turns).

horus123 the Ruffian (Troll Monk)                   Turns: 2518, Time: 00:08:10

Health: 0/67       AC:  5    Str: 20    XL:     7   Next: 51%
Magic:  10/10      EV: 10    Int:  8    God:
Gold:   149        SH:  0    Dex: 12    Spells: 8/12 levels left

rFire   . . .      SeeInvis .     - Unarmed
rCold   . . .      Faith    .   (no shield)
rNeg    . . .      Spirit   .   a - +1 robe
rPois   .          Reflect  .   (helmet restricted)
rElec   .          Harm     .   (no cloak)
rCorr   .          Rampage  .   (gloves unavailable)
Will    .....                   (boots unavailable)
Stlth   ++........              (no amulet)
HPRegen 1.01/turn               g - ring of wizardry
MPRegen 0.12/turn               (no ring)

@: no status effects
A: large, unfitting armour, claws 3, regeneration 1, shaggy fur 1, tough skin 1
a: no special abilities


You were in a sewer.
You visited 1 branch of the dungeon, and saw 4 of its levels.
You also visited: Sewer.

You collected 149 gold pieces.

Inventory:

Hand Weapons
 h - a +0 giant spiked club of freezing
Armour
 a - a +1 robe (worn)
Jewellery
 g - a ring of wizardry (left claw)
Scrolls
 c - a scroll of amnesia
 e - 2 scrolls of teleportation
 l - a scroll of summoning
Potions
 b - 2 potions of attraction
 f - a potion of ambrosia
 i - a potion of lignification {unknown}
 j - a potion of heal wounds {unknown}
 k - a potion of experience {unknown}
 m - a potion of resistance {unknown}
 n - a potion of cancellation {unknown}


   Skills:
 - Level 3.0 Fighting
 - Level 3.4 Dodging
 - Level 1.4 Stealth
 - Level 5.2 Unarmed Combat
 - Level 3.0 Spellcasting
 + Level 1.7 Ice Magic


You had 8 spell levels left.
You knew the following spells:

 Your Spells              Type           Power      Damage    Failure   Level
a - Freeze                Ice            12%        1d4       6%          1
b - Frozen Ramparts       Ice            6%         1d2       19%         3

Your spell library contained the following spells:

 Spells                   Type           Power      Damage    Failure   Level
 Ignite Poison            Fire/Tmut/Pois 1%         N/A       34%         3
 Mephitic Cloud           Conj/Pois/Air  1%         N/A       34%         3
 Hailstorm                Conj/Ice       2%         3d3       63%         4
 Freezing Cloud           Conj/Ice/Air   1%         6-21      93%         5
 Iskenderun's Battlesphe  Conj           1%         2d6       96%         5
 Iron Shot                Conj/Erth      0%         9d1       100%        6
 Spellforged Servitor     Conj/Summ      0%         N/A       100%        7


Dungeon Overview and Level Annotations

Branches:
Dungeon (4/15)              Sewer (1/1)
 Temple: D:4-7

Altars:
Kikubaaqudgha
Uskayaw

Shops:
D:2 **(!


Innate Abilities, Weirdness & Mutations

You are too large for most types of armour.
You have claws for hands.
Your natural rate of healing is unusually fast.
You are covered in fur. (AC +1)
You have tough skin. (AC +1)


Message History

The bullfrog barely misses you. The frilled lizard barely misses you.
You scratch the bullfrog.
The bullfrog is lightly wounded.
The bullfrog hits you! The bullfrog hits you.
The bullfrog hits you but does no damage.
You barely miss the bullfrog.
The bullfrog is lightly wounded.
The bullfrog hits you. The ball python closely misses you.
The frilled lizard barely misses you. The ball python closely misses you.
The bullfrog hits you. The bullfrog hits you!
* * * LOW HITPOINT WARNING * * *
The ball python closely misses you.
You feel better. The bullfrog hits you! The ball python bites you.
The frilled lizard barely misses you. The bullfrog hits you.
* * * LOW HITPOINT WARNING * * *
The ball python barely misses you. The bullfrog hits you.
* * * LOW HITPOINT WARNING * * *
You closely miss the bullfrog.
The bullfrog is lightly wounded.
The ball python closely misses you. The bullfrog closely misses you.
The frilled lizard bites you but does no damage.
The bullfrog hits you.
* * * LOW HITPOINT WARNING * * *
The ball python misses you. x2
You claw the bullfrog!
The bullfrog is heavily wounded.
The bullfrog hits you.
* * * LOW HITPOINT WARNING * * *
The bullfrog hits you.
* * * LOW HITPOINT WARNING * * *
The frilled lizard bites you.
* * * LOW HITPOINT WARNING * * *
The ball python barely misses you.
The ball python bites you but does no damage.
The bullfrog hits you.
* * * LOW HITPOINT WARNING * * *
You barely miss the bullfrog.
The bullfrog is heavily wounded.
The bullfrog hits you.
You die...

*,,,* #..'....# *,∩,*
#..#....# *,,,* ####...##
**+#*##################....#
**...#≈≈≈≈≈≈≈≈≈≈≈≈≈≈≈......#
*,....≈≈≈≈≈≈≈≈≈≈≈≈≈≈≈≈....##
*,...≈#≈≈≈≈≈l≈≈≈≈≈≈≈≈≈....#
*,...≈≈≈≈≈≈#SF≈≈≈≈≈≈≈≈....#
*,....≈≈≈≈SF@S≈#≈≈≈≈≈....##
**....≈J≈≈Sl≈≈≈≈≈≈≈≈≈#.###
*######################


You could see 2 bullfrogs, an endoplasm, 4 ball pythons and 2 frilled lizards.

Vanquished Creatures
  The ghost of zuhukanah the Insei, an amateur HuMo (D:4)
  An ogre (D:4)
  A kobold brigand (D:4)
  A centaur zombie (D:4)
  An orc priest (D:3)
  A jelly (D:4)
  An iguana (D:2)
  6 adders
  A gnoll (D:1)
  10 river rats
  2 worms
  2 dart slugs
  8 orcs (D:3)
  11 ball pythons
  4 endoplasms
  7 giant cockroaches
  7 goblins
  8 hobgoblins (D:1)
  8 jackals
  16 kobolds
  5 quokkas
  9 bats
  3 frilled lizards
  26 rats
140 creatures vanquished.

Vanquished Creatures (others)
  2 fungi (D:4)
  3 plants
5 creatures vanquished.

Grand Total: 145 creatures vanquished

Notes
Turn   | Place    | Note
-------+----------+-------------------------------------------
     0 | D:1      | horus123 the Troll Monk began the quest for the Orb.
     0 | D:1      | Reached XP level 1. HP: 22/22 MP: 0/0
    70 | D:1      | Reached XP level 2. HP: 29/29 MP: 1/1
   171 | D:1      | Reached XP level 3. HP: 33/36 MP: 2/2
   408 | D:1      | Found a faded altar of an unknown god.
   583 | D:2      | Found an ancient bone altar of Kikubaaqudgha.
   622 | D:2      | Found Bingops's Antique Weapon Boutique.
   649 | D:2      | Found Dintomet's Distillery.
   801 | D:2      | Reached XP level 4. HP: 44/44 MP: 3/3
   802 | D:2      | Found Pekouq's General Store.
   816 | D:2      | Found Teattez's General Store.
   882 | D:2      | Reached skill level 4 in Unarmed Combat
  1282 | D:3      | Found a hide-covered altar of Uskayaw.
  1282 | D:3      | Noticed a +0 dagger
  1282 | D:3      | Noticed a +0 short sword
  1283 | D:3      | Noticed a +0 falchion
  1283 | D:3      | Noticed a +0 spear
  1283 | D:3      | Noticed a +0 short sword
  1284 | D:3      | Noticed a +0 dagger
  1284 | D:3      | Noticed a +0 spear
  1286 | D:3      | Noticed a +0 falchion
  1415 | D:3      | Reached XP level 5. HP: 45/53 MP: 4/4
  1887 | D:4      | Reached skill level 5 in Unarmed Combat
  1904 | D:4      | Learned a level 1 spell: Freeze
  1943 | D:4      | Found a runed translucent gate.
  1945 | D:4      | Found a runed translucent gate.
  1946 | D:4      | Found a runed translucent gate.
  1957 | D:4      | Noticed zuhukanah's ghost (amateur HuMo)
  1977 | D:4      | Reached skill level 1 in Spellcasting
  1977 | D:4      | Reached XP level 6. HP: 60/61 MP: 4/6
  2008 | D:4      | Killed zuhukanah's ghost
  2009 | D:4      | Reached XP level 7. HP: 34/67 MP: 6/9
  2068 | D:4      | HP: 2/65 [ogre (20)]
  2171 | D:4      | Found a glowing drain.
  2207 | Sewer    | Entered a sewer
  2322 | Sewer    | Reached skill level 1 in Ice Magic
  2372 | Sewer    | Learned a level 3 spell: Frozen Ramparts
  2517 | Sewer    | HP: 1/67 [bullfrog (6)]
  2518 | Sewer    | Slain by a bullfrog

Illustrated notes

Levels and vault maps discovered:
D:1:      dpeg_arrival_short_road, layout_rooms,
          shapermc_ecumenical_altar_mp_vishouse
D:2:      layout_basic, serial_shops, nicolae_lakefront_shop, shop, shop,
          nicolae_shop_trees, basic_altar, chequers_serial_rivers_small_b
D:3:      layout_loops_ring, nicolae_uskayaw_en_pointe, serial_bayou_pond_a,
          minmay_hedge_maze
D:4:      layout_basic, portal_sewer_entry_c, gammafunk_ghost_nasty_kobolds,
          serial_shops, nicolae_shop_hallway_plus, shop, uniq_duvessa,
          uniq_pikel
Sewer:    sewer_minmay_w

Skill      XL: |  1  2  3  4  5  6  7 |
---------------+----------------------+-----
Dodging        | 3 |  3.4
Unarmed Combat | 4 5 |  5.2
Fighting       | 3 |  3.0
Spellcasting   | 1 2 3 |  3.0
Ice Magic      | 1 |  1.7
Stealth        | |  1.4

Action                   |  1- 3 |  4- 6 |  7- 9 || total
-------------------------+-------+-------+-------++-------
Melee: Unarmed           |    94 |   145 |   142 ||   381
       Punch             |     3 |     3 |     2 ||     8
       Giant spiked club |       |       |    15 ||    15
  Use: Scroll            |     4 |     5 |     2 ||    11
       Potion            |       |     1 |     1 ||     2
 Stab: Sleeping          |     4 |     1 |       ||     5
       Distracted        |       |     1 |       ||     1
Armor: Robe              |    37 |    37 |   110 ||   184
Dodge: Dodged            |    54 |    81 |   165 ||   300

Table legend: (Time is in decaauts)
 A = Elapsed time spent in this place.
 B = Non-inter-level travel time spent in this place.
 C = Inter-level travel time spent in this place.
 D = Time resting spent in this place.
 E = Time spent auto-exploring this place.
 F = Levels seen in this place.
 G = Mean time per level.
                   A        B        C        D        E       F      G
               +--------+--------+--------+--------+--------+-----+--------+
         Total |   2533 |   2485 |     48 |     11 |   1624 |   5 |  506.6 |
       Dungeon |   2199 |   2151 |     48 |     11 |   1453 |   4 |  549.8 |
         Sewer |    333 |    333 |      0 |      0 |    170 |   1 |  333.0 |
               +--------+--------+--------+--------+--------+-----+--------+

Top non-repeatable levels by time:
     D:3: 813 daAuts
     D:2: 552 daAuts
     D:1: 496 daAuts
     D:4: 336 daAuts
   Sewer: 333 daAuts
